 Dungeon Crawl Stone Soup version 0.21.1-1-g345015f (webtiles) character file.

7742 sking99 the Grappler (level 11, -6/101 HPs)
             Began as a Troll Monk on June 14, 2018.
             Mangled by a crocodile (9 damage)
             ... on level 4 of the Lair of Beasts.
             The game lasted 01:00:41 (7301 turns).

sking99 the Grappler (Troll Monk)                   Turns: 7301, Time: 01:00:42

Health: -6/101     AC:  5    Str: 24    XL:     11   Next: 0%
Magic:  12/12      EV: 12    Int:  6    God:
Gold:   328        SH:  0    Dex: 12    Spells: 10/10 levels left

rFire    . . .     SeeInvis .     - Unarmed
rCold    . . .     Gourm    +   (no shield)
rNeg     . . .     Faith    .   y - +0 robe {MR+}
rPois    .         Spirit   .   (helmet restricted)
rElec    .         Reflect  .   (no cloak)
rCorr    .         Harm     .   (gloves unavailable)
MR       +....                  (boots unavailable)
Stlth    ++........             B - amulet of regeneration
HPRegen  1.06/turn              (no ring)
MPRegen  0.13/turn              (no ring)

@: very slightly contaminated, starving
A: large, unfitting armour, claws 3, fast metabolism 3, gourmand, regeneration
1, shaggy fur 1, tough skin 2
a: no special abilities


You were on level 4 of the Lair of Beasts.
You were starving.

You visited 3 branches of the dungeon, and saw 13 of its levels.
You also visited: Sewer.

You collected 328 gold pieces.

Inventory:

Hand Weapons
 k - a +1 hunting sling
 p - a +0 whip of freezing
Missiles
 d - 166 stones (quivered)
Armour
 a - a +1 robe
 u - a +0 pair of boots
 y - a +0 robe of magic resistance (worn)
 D - a +0 robe
Jewellery
 B - an amulet of regeneration (around neck)
 F - a +3 amulet of reflection
Wands
 e - a wand of random effects (23)
 g - a wand of flame (50)
 m - a wand of paralysis (7)
 C - a wand of acid (6)
Scrolls
 c - 5 scrolls of teleportation
 f - 3 scrolls of enchant weapon
 h - 3 scrolls of remove curse
 i - a scroll of blinking
 r - a scroll of enchant armour
 z - a scroll of identify
Potions
 n - a potion of degeneration
 o - a potion of cancellation
 q - a potion of brilliance
 x - a potion of mutation
 G - a potion of magic
Comestibles
 b - 13 rations


   Skills:
 + Level 4.9 Fighting
 + Level 6.0 Dodging
 - Level 1.0 Stealth
 + Level 13.7 Unarmed Combat
 * Level 3.5 Evocations


You had 10 spell levels left.
You didn't know any spells.

Dungeon Overview and Level Annotations

Branches:
Dungeon (8/15)             Temple (1/1) D:5            Lair (4/6) D:8
  Swamp: Lair:2-4    Shoals: Lair:2-4     Snake: Lair:2-4    Spider: Lair:2-4

Altars:
Ashenzari
Cheibriados
Dithmenos
Elyvilon
Fedhas
Gozag
Hepliaklqana
Kikubaaqudgha
Makhleb
Nemelex Xobeh
Okawaru
Qazlal
Ru
Sif Muna
Trog
Uskayaw
Vehumet
Wu Jian
Xom
Yredelemnul
Zin
The Shining One

Annotations:
Lair:3 exclusion: 2 oklob plants


Innate Abilities, Weirdness & Mutations

You are too large for most types of armour.
You have claws for hands.
Your metabolism is lightning-fast.
You like to eat raw meat.
Your natural rate of healing is unusually fast.
You are covered in fur. (AC +1)
You have very tough skin. (AC +2)


Message History

The blink frog blinks!
The porcupine bites you!
* * * LOW HITPOINT WARNING * * *
The crocodile completely misses you.
You barely miss the crocodile. The blink frog barely misses you.
The blink frog blinks!
The porcupine bites you.
You bump into the rock wall.
The blink frog hits you. The crocodile closely misses you.
The blink frog hits you but does no damage.
The porcupine closely misses you.
You closely miss the crocodile.
You feel less invigorated.
You feel less confused. The crocodile bites you!
* * * LOW HITPOINT WARNING * * *
The blink frog hits you!
* * * LOW HITPOINT WARNING * * *
The porcupine bites you!
* * * LOW HITPOINT WARNING * * *
Unknown command.
The blink frog blinks!
The crocodile bites you!
You die...

### ## ##.######
.###PYPY...###.#
....Y...........
...#.#..#.#...##
<.###.##.##.Y.# ...##.#
###?..# # .......
Y......###.#.#.#
.....F.....F§FrF@F......
...#######.P####t.......
....# ......... $..##
##........ #........
#........ .........
.........


You could see an elephant, 3 blink frogs, a crocodile and a porcupine.

Vanquished Creatures
  Erica (D:8)
  Pikel (D:4)
  The ghost of w0lly the Slasher, a novice DsBe of Trog (D:6)
  A black mamba (Lair:4)
  A hornet (D:8)
  A hippogriff (Lair:2)
  9 yaks
  A hungry ghost (D:7)
  2 basilisks (D:8)
  Eustachio (D:5)
  2 water moccasins
  4 porcupines
  2 ice beasts (D:5)
  A sky beast (D:5)
  6 ogres
  A phantom (D:4)
  A centaur (D:6)
  5 crocodiles
  5 bullfrogs
  3 scorpions
  3 killer bees (D:7)
  3 wights (D:6)
  3 crimson imps
  A bullfrog zombie (D:6)
  4 hounds
  2 jellies
  6 orc wizards
  A bullfrog skeleton (D:7)
  A centaur skeleton (D:5)
  3 iguanas
  Natasha (D:3)
  6 worker ants
  2 hound skeletons (D:8)
  8 gnolls
  9 adders
  A river rat (D:5)
  2 shadow imps (D:6)
  4 worms
  2 dart slugs (D:3)
  7 leopard geckos
  11 orcs
  10 bats
  4 giant cockroaches
  7 goblins
  3 hobgoblins
  14 jackals
  11 kobolds
  6 quokkas
  A ball python (D:3)
  3 frilled lizards
  A giant cockroach zombie (D:4)
  A quokka skeleton (D:4)
  8 rats
198 creatures vanquished.

Vanquished Creatures (others)
  3 fungi
  7 plants (D:8)
10 creatures vanquished.

Grand Total: 208 creatures vanquished

Notes
Turn   | Place    | Note
-------+----------+-------------------------------------------
     0 | D:1      | sking99 the Troll Monk began the quest for the Orb.
     0 | D:1      | Reached XP level 1. HP: 22/22 MP: 0/0
   135 | D:1      | Reached XP level 2. HP: 25/29 MP: 1/1
   898 | D:2      | Reached XP level 3. HP: 36/36 MP: 2/2
  1247 | D:2      | Reached skill level 4 in Unarmed Combat
  1277 | D:2      | Found a sacrificial altar of Ru.
  1481 | D:3      | Reached XP level 4. HP: 41/44 MP: 3/3
  1803 | D:3      | Reached XP level 5. HP: 52/52 MP: 4/4
  1940 | D:3      | Reached skill level 5 in Unarmed Combat
  2202 | D:4      | Noticed Pikel
  2202 | D:4      | Noticed a slave
  2215 | D:4      | Noticed Natasha
  2222 | D:3      | Killed Natasha
  2240 | D:4      | Noticed an ogre
  2243 | D:4      | Noticed a phantom
  2259 | D:3      | Killed an ogre
  2259 | D:3      | Reached XP level 6. HP: 34/61 MP: 5/5
  2317 | D:4      | Reached skill level 6 in Unarmed Combat
  2485 | D:4      | Noticed a slave
  2486 | D:4      | Noticed a slave
  2487 | D:4      | Noticed a slave
  2492 | D:4      | Killed Pikel
  2492 | D:4      | Reached skill level 8 in Unarmed Combat
  2492 | D:4      | Reached XP level 7. HP: 40/67 MP: 6/6
  2737 | D:4      | Noticed a moth of wrath
  2740 | D:4      | Found a bloodstained altar of Trog.
  2857 | D:5      | Entered Level 5 of the Dungeon
  2913 | D:5      | Reached XP level 8. HP: 57/75 MP: 7/7
  2967 | D:5      | Noticed Eustachio
  3015 | D:5      | Found a glowing drain.
  3030 | Sewer    | Entered a sewer
  3103 | Sewer    | Reached skill level 9 in Unarmed Combat
  3315 | D:5      | Killed Eustachio
  3381 | D:5      | Found a shadowy altar of Dithmenos.
  3674 | D:5      | Found a staircase to the Ecumenical Temple.
  3683 | Temple   | Entered the Ecumenical Temple
  3917 | D:6      | Reached skill level 10 in Unarmed Combat
  4220 | D:6      | Reached XP level 9. HP: 83/83 MP: 8/8
  4531 | D:6      | Noticed w0lly's ghost (novice DsBe)
  4620 | D:6      | Killed w0lly's ghost
  4620 | D:6      | Reached skill level 11 in Unarmed Combat
  4747 | D:6      | Found a sparkling altar of Nemelex Xobeh.
  5317 | D:7      | Reached skill level 1 in Evocations
  5339 | D:7      | Reached skill level 12 in Unarmed Combat
  5341 | D:7      | Reached skill level 5 in Dodging
  5787 | D:8      | Noticed Erica
  6090 | D:8      | Reached XP level 10. HP: 79/93 MP: 10/10
  6126 | D:8      | Found a staircase to the Lair.
  6652 | D:8      | Found a sparkling altar of Nemelex Xobeh.
  6955 | D:8      | Killed Erica
  6955 | D:8      | Reached skill level 13 in Unarmed Combat
  6972 | Lair:1   | Entered Level 1 of the Lair of Beasts
  7247 | Lair:3   | Noticed an oklob plant
  7248 | Lair:3   | Noticed an oklob plant
  7248 | Lair:3   | Noticed an elephant
  7249 | Lair:3   | Noticed an elephant
  7249 | Lair:3   | Noticed an elephant
  7249 | Lair:3   | Noticed an elephant
  7250 | Lair:3   | Noticed an elephant
  7251 | Lair:4   | Noticed an elephant
  7251 | Lair:4   | Noticed an elephant
  7251 | Lair:4   | Noticed an elephant
  7251 | Lair:4   | Noticed a black mamba
  7256 | Lair:4   | Noticed an elephant
  7276 | Lair:4   | Killed a black mamba
  7276 | Lair:4   | Reached XP level 11. HP: 35/101 MP: 12/12
  7300 | Lair:4   | HP: 2/101 [porcupine (9)]
  7301 | Lair:4   | Mangled by a crocodile

Skill      XL: |  1  2  3  4  5  6  7  8  9 10 |
---------------+-------------------------------+-----
Unarmed Combat | 4 5 8 10 12 13 | 13.7
Dodging        | 3 4 5 6 |  6.0
Fighting       | 3 4 |  4.9
Evocations     | 1 3 |  3.5
Stealth        | |  1.0

Action                   |  1- 3 |  4- 6 |  7- 9 | 10-12 || total
-------------------------+-------+-------+-------+-------++-------
Melee: Unarmed           |    88 |   161 |   246 |   104 ||   599
       Punch             |     1 |     4 |    14 |     6 ||    25
Evoke: Wand              |       |       |     5 |     2 ||     7
  Use: Scroll            |       |       |    12 |     8 ||    20
       Potion            |       |       |     4 |     3 ||     7
 Stab: Sleeping          |     4 |     1 |     1 |       ||     6
       Paralysed         |       |       |     1 |     1 ||     2
  Eat: Chunk             |    14 |     8 |    24 |     1 ||    47
       Ration            |       |       |     4 |     1 ||     5
Armor: Robe              |    35 |    43 |    52 |    10 ||   140
Dodge: Dodged            |    59 |    85 |   102 |    53 ||   299
